 Dungeon Crawl Stone Soup version 0.29.0-15-g675c0067aa (webtiles) character file.

Game seed: 9074964772273386746

53 Nick1 the Grave Robber (level 3, 0/26 HPs)
             Began as a Demonspawn Necromancer on Sept 11, 2022.
             Slain by a bat (1 damage)
             ... on level 3 of the Dungeon.
             The game lasted 00:08:03 (2322 turns).

Nick1 the Grave Robber (Demonspawn Necromancer)     Turns: 2322, Time: 00:08:04

Health: 0/26       AC:  4    Str:  8    XL:     3   Next: 64%
Magic:  4/6        EV: 12    Int: 18    God:
Gold:   75         SH:  0    Dex: 13    Spells: 5/6 levels left

rFire   . . .      SeeInvis .   (no weapon)
rCold   . . .      Faith    .   (no shield)
rNeg    . . .      Spirit   .   a - +0 robe
rPois   .          Reflect  .   (no helmet)
rElec   .          Harm     .   (no cloak)
rCorr   .          Rampage  .   (no gloves)
Will    .....                   (no boots)
Stlth   ++........              (no amulet)
HPRegen 0.08/turn               (no ring)
MPRegen 0.10/turn               (no ring)

@: no status effects
A: thin metallic scales 1, demonic touch 1
a: no special abilities


You were on level 3 of the Dungeon.
You visited 1 branch of the dungeon, and saw 3 of its levels.

You collected 75 gold pieces.

Inventory:

Armour
 a - a +0 robe (worn)
Scrolls
 d - a scroll of fog {unknown}
 g - a scroll of noise {unknown}
 h - a scroll of identify {unknown}
 i - a scroll of teleportation {unknown}
Potions
 b - 2 potions of magic
 c - 2 potions of degeneration {unknown}
 e - a potion of haste {unknown}
 f - a potion of lignification {unknown}


   Skills:
 * Level 1.6 Fighting
 * Level 1.9 Dodging
 * Level 2.0 Stealth
 * Level 2.4 Spellcasting
 * Level 4.9 Necromancy


You had 5 spell levels left.
You knew the following spells:

 Your Spells              Type           Power      Damage    Failure   Level
a - Necrotise             Necr           80%        1d8       2%          1

Your spell library contained the following spells:

 Spells                   Type           Power      Damage    Failure   Level
 Vampiric Draining        Necr           20%        2d7       7%          3
 Magic Dart               Conj           8%         1d3       17%         1
 Animate Dead             Necr           20%        N/A       22%         4
 Call Imp                 Summ           2%         N/A       26%         2
 Mephitic Cloud           Conj/Pois/Air  2%         N/A       45%         3
 Agony                    Necr           20%        N/A       52%         5


Dungeon Overview and Level Annotations

Branches:
Dungeon (3/15)

Altars:
Sif Muna


Innate Abilities, Weirdness & Mutations

You are partially covered in thin metallic scales. (AC +2)
Your touch may inflict minor irresistible damage on your foes.


Message History

Aiming: Necrotise (safe; 2% risk of failure)
Press: ? - help, Shift-Dir - straight line, f/p - orc
Aim: an orc, wielding a +0 club (severely wounded, constricted by your ball python skeleton, not watching you, ally target, chance to affect: 89%)
Okay, then.
The orc hits your ball python skeleton with a +0 club.
Your ball python skeleton completely misses the orc.
Your ball python skeleton constricts the orc.
You hit the orc.
You kill the orc!
The bat closely misses you.
Your ball python skeleton misses the bat.
Your ball python skeleton completely misses the bat.
You miss the bat. The bat hits you but does no damage.
The bat hits your ball python skeleton.
You closely miss the bat. Your touch misses the bat.
The bat hits you but does no damage. The bat hits you.
You hit the orc priest but do no damage.
The bat hits your ball python skeleton.
Your ball python skeleton is destroyed!
An orc wizard comes into view. It is wielding a +1 dagger of venom.
The orc priest hits you with a +0 short sword.
The bat hits you.
The orc wizard shouts!
You hit the orc priest but do no damage.
Your touch misses the orc priest. The bat hits you.
The orc priest mumbles some strange prayers to Beogh against you.
Beogh smites you!
Ouch! That really hurt!
* * * LOW HITPOINT WARNING * * *
You hit the orc priest but do no damage.
The bat closely misses you. The orc priest closely misses you.
The bat hits you.
* * * LOW HITPOINT WARNING * * *
You hit the orc priest but do no damage.
The bat hits you.
* * * LOW HITPOINT WARNING * * *
The orc priest calls down the wrath of Beogh upon you.
You barely resist. The bat hits your rat skeleton.
You barely miss the orc priest. The bat misses you. The bat hits you.
You die...

.. ≈≈≈≈≈ .. ≈≈≈≈≈
.. ~###≈≈≈≈ ##~.
...#~~#...#
⌠.#..#.⌠.# #
b#..#...#
#..###o...###..
#.....@........
###..bZ..##### ###
##.###.# ... ...
#.#####.#
#.####.###.......#
#.# #.....#######
#.# #####.# ####.#
#.# #....# #.#


You could see an orc priest, 2 bats and a friendly rat skeleton.

Vanquished Creatures
  An adder (D:2)
  A worm (D:3)
  A dart slug (D:2)
  An orc (D:3)
  6 ball pythons
  An endoplasm (D:2)
  A giant cockroach (D:2)
  3 goblins (D:2)
  6 hobgoblins
  2 quokkas
  4 bats
  5 frilled lizards
  3 kobolds (D:2)
  5 rats
40 creatures vanquished.

Notes
Turn   | Place    | Note
-------+----------+-------------------------------------------
     0 | D:1      | Nick1 the Demonspawn Necromancer began the quest for the
                  | Orb.
     0 | D:1      | Reached XP level 1. HP: 13/13 MP: 3/3
   260 | D:1      | Gained mutation: Your touch may inflict minor irresistible
                  | damage on your foes. [demonic ancestry]
   260 | D:1      | Reached XP level 2. HP: 19/19 MP: 3/5
   480 | D:1      | Found a faded altar of an unknown god.
   830 | D:2      | Reached skill level 1 in Fighting
  1111 | D:2      | Gained mutation: You are partially covered in thin metallic
                  | scales. (AC +2) [demonic ancestry]
  1111 | D:2      | Reached XP level 3. HP: 26/26 MP: 4/6
  1757 | D:2      | Found a shimmering blue altar of Sif Muna.
  2321 | D:3      | HP: 1/26 [bat (1)]
  2322 | D:3      | Slain by a bat

Illustrated notes

Levels and vault maps discovered:
D:1:      nzn_arrival_depleted_hourglass, layout_loops_ring,
          dreamdust_ecumenical_altar_statues
D:2:      layout_basic, basic_altar
D:3:      layout_loops_ring, nzn_hepliaklqana_mist_gate, minivault_24,
          roderic_batcave, fountainhead, uniq_terence

Skill      XL: |  1  2 |
---------------+-------+-----
Stealth        | 2 |  2.0
Fighting       | 1 |  1.6
Dodging        | |  1.9
Spellcasting   | |  2.4
Necromancy     | |  4.9

Action                   || total
-------------------------++-------
Melee: Unarmed           ||    45
       Touch             ||     5
       Punch             ||     1
 Cast: Necrotise         ||    62
 Stab: Sleeping          ||     1
Armor: Robe              ||     9
Dodge: Dodged            ||    22
